| TOP OF THE 1ST |
|
Seattle Mariners batting - Pitching for California Angels : LHP Jeff Baker
|
|
Pitching: LHP Jeff Baker
|
|
|
Batting: SHB Robbie Rogers
|
0-0: Called Strike 0-1: DOUBLE (Line Drive, 89D, EV 102.5 MPH)
|
|
Batting: SHB Floyd-William Goof
|
0-0: Called Strike Robbie Rogers steals 3rd base 0-1: Foul Ball, location: 2F 0-2: Ball 1-2: Strikes out swinging
|
|
Batting: RHB Harutomi Matsubara
|
0-0: Called Strike 0-1: Called Strike 0-2: Foul Ball, location: 2F 0-2: Strikes out looking
|
|
Batting: RHB Jose Vasquez
|
0-0: Ball 1-0: Called Strike 1-1: Ball 2-1: Foul Ball, location: 2F 2-2: Foul Ball, location: 2F 2-2: Ball 3-2: Strikes out looking
|
| Top of the 1st over - 0 runs, 1 hit, 0 errors, 1 left on base; Seattle 0 - California 0 |
| BOTTOM OF THE 1ST |
|
California Angels batting - Pitching for Seattle Mariners : LHP Larry Tuckfard
|
|
Pitching: LHP Larry Tuckfard
|
|
|
Batting: RHB Nick Dunn
|
0-0: Ball 1-0: Ground out 5-3 (Groundball, 56S, EV 93.1 MPH)
|
|
Batting: RHB Luis Romero
|
0-0: Called Strike 0-1: Ground out 6-3 (Groundball, 6, EV 90.6 MPH)
|
|
Batting: RHB Alain Delhaye
|
0-0: Ball 1-0: Ball 2-0: Called Strike 2-1: Foul Ball, location: 2F 2-2: Ball 3-2: Strikes out swinging
|
| Bottom of the 1st over - 0 runs, 0 hits, 0 errors, 0 left on base; Seattle 0 - California 0 |
| TOP OF THE 2ND |
|
Seattle Mariners batting - Pitching for California Angels : LHP Jeff Baker
|
|
Batting: RHB Jimmy Hammertime
|
0-0: Called Strike 0-1: Ball 1-1: Ball 2-1: Ball 3-1: DOUBLE (Flyball, 89D, EV 98.1 MPH)
|
|
Batting: LHB Dae-ik Yoon
|
0-0: Ball 1-0: Sac Bunt to 15 - play at third, runner OUT! 1-6
|
|
Batting: RHB Pavpv Ivanushkin
|
0-0: SINGLE (Groundball, 6MD, EV 105.6 MPH) Dae-ik Yoon to second Runner from 2nd tries for 3rd, SAFE, throw by CF made to third
|
|
Batting: LHB Jerrod Cluck
|
0-0: Ball Pavpv Ivanushkin steals 2nd base 1-0: Called Strike 1-1: Called Strike 1-2: Ball 2-2: Ground out U3 (Groundball, 34, EV 91.9 MPH) Dae-ik Yoon scores Pavpv Ivanushkin to third
|
|
Batting: RHB Young-kwang Ohnn
|
0-0: Ball 1-0: Called Strike 1-1: Foul Ball, location: 2F 1-2: Ground out 5-3 (Groundball, 56S, EV 88.8 MPH)
|
| Top of the 2nd over - 1 run, 2 hits, 0 errors, 1 left on base; Seattle 1 - California 0 |
| BOTTOM OF THE 2ND |
|
California Angels batting - Pitching for Seattle Mariners : LHP Larry Tuckfard
|
|
Batting: RHB Bjoern Waltersson
|
0-0: Ball 1-0: Ball 2-0: Swinging Strike 2-1: Swinging Strike 2-2: Strikes out looking
|
|
Batting: LHB Micah Miller
|
0-0: Called Strike 0-1: Foul Ball, location: 2F 0-2: Ball 1-2: Ball 2-2: Foul Ball, location: 2F 2-2: Fly out, F7 (Flyball, 7S, EV 83.1 MPH)
|
|
Batting: RHB Avery Maxwell
|
0-0: Ball 1-0: SOLO HOME RUN (Flyball, 7D, EV 95.6 MPH), Distance : 382 ft
|
|
Batting: LHB Justin Alexander
|
0-0: Ball 1-0: Ball 2-0: Foul Ball, location: 2F 2-1: Ball 3-1: Swinging Strike 3-2: Strikes out looking
|
| Bottom of the 2nd over - 1 run, 1 hit, 0 errors, 0 left on base; Seattle 1 - California 1 |
| TOP OF THE 3RD |
|
Seattle Mariners batting - Pitching for California Angels : LHP Jeff Baker
|
|
Batting: SHB Robbie Rogers
|
0-0: Ball 1-0: Ground out 4-3 (Groundball, 4, EV 85.6 MPH)
|
|
Batting: SHB Floyd-William Goof
|
0-0: Foul Ball, location: 2F 0-1: Swinging Strike 0-2: SINGLE (Groundball, 6M, EV 84.4 MPH) (infield hit)
|
|
Batting: RHB Harutomi Matsubara
|
0-0: Ball 1-0: Called Strike 1-1: Ball 2-1: Called Strike 2-2: Foul Ball, location: 2F 2-2: Foul Ball, location: 2F 2-2: Fly out, F9 (Flyball, 89M, EV 85.6 MPH)
|
|
Batting: RHB Jose Vasquez
|
0-0: Ball Floyd-William Goof steals 2nd base 1-0: SINGLE (Line Drive, 56D, EV 98.1 MPH) Floyd-William Goof to third Runner from 3rd tries for Home, SAFE, throw by LF to home
|
|
Batting: RHB Jimmy Hammertime
|
0-0: Fielders Choice at 2nd, 6-4 (Groundball, 6, EV 103.1 MPH)
|
| Top of the 3rd over - 1 run, 2 hits, 0 errors, 1 left on base; Seattle 2 - California 1 |
| BOTTOM OF THE 3RD |
|
California Angels batting - Pitching for Seattle Mariners : LHP Larry Tuckfard
|
|
Batting: LHB Javier Trujillo
|
0-0: Ball 1-0: Called Strike 1-1: Ball 2-1: Foul Ball, location: 2F 2-2: Strikes out looking
|
|
Batting: RHB Terry Baginski
|
0-0: Ball 1-0: Ball 2-0: Foul Ball, location: 2F 2-1: SINGLE (Groundball, 56D, EV 108.1 MPH)
|
|
Batting: RHB Nick Dunn
|
Pickoff Throw to First - Out! 1-3 0-0: Called Strike 0-1: Ball 1-1: Ball 2-1: Swinging Strike 2-2: Ball 3-2: Foul Ball, location: 2F 3-2: Ground out 6-3 (Groundball, 6, EV 108.8 MPH)
|
| Bottom of the 3rd over - 0 runs, 1 hit, 0 errors, 0 left on base; Seattle 2 - California 1 |
| TOP OF THE 4TH |
|
Seattle Mariners batting - Pitching for California Angels : LHP Jeff Baker
|
|
Batting: LHB Dae-ik Yoon
|
0-0: Called Strike 0-1: Foul Ball, location: 2F 0-2: Foul Ball, location: 2F 0-2: Ball 1-2: Ball 2-2: Strikes out swinging
|
|
Batting: RHB Pavpv Ivanushkin
|
0-0: Called Strike 0-1: Swinging Strike 0-2: Ground out 6-3 (Groundball, 6, EV 106.2 MPH)
|
|
Batting: LHB Jerrod Cluck
|
0-0: Called Strike 0-1: Ball 1-1: Called Strike 1-2: Ball 2-2: Foul Ball, location: 2F 2-2: Foul Ball, location: 2F 2-2: Foul Ball, location: 2F 2-2: Ball 3-2: SINGLE (Groundball, 6D, EV 100.6 MPH)
|
|
Batting: RHB Young-kwang Ohnn
|
0-0: Called Strike Jerrod Cluck steals 2nd base (no throw) 0-1: Ground out 6-3 (Groundball, 6, EV 88.1 MPH)
|
| Top of the 4th over - 0 runs, 1 hit, 0 errors, 1 left on base; Seattle 2 - California 1 |
| BOTTOM OF THE 4TH |
|
California Angels batting - Pitching for Seattle Mariners : LHP Larry Tuckfard
|
|
Batting: RHB Luis Romero
|
0-0: SINGLE (Flyball, 5D, EV 95.0 MPH)
|
|
Batting: RHB Alain Delhaye
|
0-0: Swinging Strike 0-1: Called Strike 0-2: Ball 1-2: Strikes out swinging
|
|
Batting: RHB Bjoern Waltersson
|
0-0: Called Strike 0-1: Foul Ball, location: 2F 0-2: Ball 1-2: Foul Ball, location: 2F 1-2: Strikes out looking
|
|
Batting: LHB Micah Miller
|
0-0: Ball 1-0: Called Strike 1-1: Ground out 4-3 (Groundball, 34S, EV 88.8 MPH)
|
| Bottom of the 4th over - 0 runs, 1 hit, 0 errors, 1 left on base; Seattle 2 - California 1 |
| TOP OF THE 5TH |
|
Seattle Mariners batting - Pitching for California Angels : LHP Jeff Baker
|
|
Batting: SHB Robbie Rogers
|
0-0: Called Strike 0-1: Fly out, F9 (Line Drive, 9S, EV 90.6 MPH)
|
|
Batting: SHB Floyd-William Goof
|
0-0: Called Strike 0-1: Foul Ball, location: 2F 0-2: Ball 1-2: Ball 2-2: Strikes out swinging
|
|
Batting: RHB Harutomi Matsubara
|
0-0: Ground out 6-3 (Groundball, 6, EV 76.2 MPH)
|
| Top of the 5th over - 0 runs, 0 hits, 0 errors, 0 left on base; Seattle 2 - California 1 |
| BOTTOM OF THE 5TH |
|
California Angels batting - Pitching for Seattle Mariners : LHP Larry Tuckfard
|
|
Batting: RHB Avery Maxwell
|
0-0: Foul Ball, location: 2F 0-1: Ball 1-1: Ball 2-1: Foul Ball, location: 2F 2-2: Ball 3-2: Base on Balls
|
|
Batting: LHB Justin Alexander
|
0-0: Ball 1-0: Called Strike 1-1: Called Strike 1-2: TRIPLE (Line Drive, 89XD, EV 108.8 MPH) Avery Maxwell scores
|
|
Batting: LHB Javier Trujillo
|
0-0: Ball 1-0: Ground out 3-1 (Groundball, 34S, EV 88.8 MPH) Justin Alexander scores
|
|
Batting: RHB Terry Baginski
|
0-0: Swinging Strike 0-1: Foul Ball, location: 2F 0-2: Ball 1-2: Ball 2-2: Ground out 6-3 (Groundball, 6M, EV 103.1 MPH)
|
|
Batting: RHB Nick Dunn
|
0-0: Ball 1-0: Called Strike 1-1: Foul Ball, location: 2F 1-2: Ground out 3-1 (Groundball, 34, EV 85.6 MPH)
|
| Bottom of the 5th over - 2 runs, 1 hit, 0 errors, 0 left on base; Seattle 2 - California 3 |
| TOP OF THE 6TH |
|
Seattle Mariners batting - Pitching for California Angels : LHP Jeff Baker
|
|
Batting: RHB Jose Vasquez
|
0-0: Ball 1-0: Ball 2-0: SINGLE (Line Drive, 9S, EV 98.8 MPH)
|
|
Batting: RHB Jimmy Hammertime
|
0-0: Foul Ball, location: 2F 0-1: Grounds into double play, 5-4-3 (Groundball, 56, EV 80.0 MPH)
|
|
Batting: LHB Dae-ik Yoon
|
0-0: Swinging Strike 0-1: Ball 1-1: Ball 2-1: Foul Ball, location: 2F 2-2: Fly out, F8 (Line Drive, 8RM, EV 91.2 MPH)
|
| Top of the 6th over - 0 runs, 1 hit, 0 errors, 0 left on base; Seattle 2 - California 3 |
| BOTTOM OF THE 6TH |
|
California Angels batting - Pitching for Seattle Mariners : LHP Larry Tuckfard
|
|
Batting: RHB Luis Romero
|
0-0: Foul Ball, location: 2F 0-1: Ball 1-1: Swinging Strike 1-2: SINGLE (Groundball, 56S, EV 65.0 MPH) (infield hit)
|
|
Batting: RHB Alain Delhaye
|
0-0: Fly out, F7 (Flyball, 7D, EV 90.6 MPH)
|
|
Batting: RHB Bjoern Waltersson
|
0-0: SINGLE (Groundball, 25, EV 66.2 MPH) (infield hit) Luis Romero to second
|
|
Batting: LHB Micah Miller
|
0-0: Ball 1-0: Swinging Strike 1-1: Swinging Strike 1-2: Ball 2-2: Fly out, F9 (Flyball, 89M, EV 85.6 MPH)
|
|
Batting: RHB Avery Maxwell
|
0-0: Called Strike 0-1: Called Strike 0-2: Ball 1-2: Ball 2-2: Ball 3-2: Base on Balls Luis Romero to third Bjoern Waltersson to second
|
|
Batting: LHB Justin Alexander
|
0-0: Ball 1-0: Ball 2-0: Ball 3-0: Foul Ball, location: 2F 3-1: Swinging Strike 3-2: SINGLE (Groundball, 34D, EV 97.5 MPH) (infield hit) Luis Romero scores Bjoern Waltersson to third Avery Maxwell to second
|
|
Batting: LHB Javier Trujillo
|
0-0: Foul Ball, location: 2F 0-1: Swinging Strike 0-2: Strikes out swinging
|
| Bottom of the 6th over - 1 run, 3 hits, 0 errors, 3 left on base; Seattle 2 - California 4 |
| TOP OF THE 7TH |
|
Seattle Mariners batting - Pitching for California Angels : LHP Jeff Baker
|
|
Batting: RHB Pavpv Ivanushkin
|
0-0: Called Strike 0-1: Called Strike 0-2: Strikes out swinging
|
|
Batting: LHB Jerrod Cluck
|
0-0: Ball 1-0: Ball 2-0: Called Strike 2-1: Foul Ball, location: 2F 2-2: Strikes out swinging
|
|
Batting: RHB Young-kwang Ohnn
|
0-0: Ball 1-0: Ball 2-0: Ball 3-0: Called Strike 3-1: Foul Ball, location: 2F 3-2: Foul Ball, location: 2F 3-2: Foul Ball, location: 2F 3-2: Ground out U3 (Groundball, 34, EV 78.1 MPH)
|
| Top of the 7th over - 0 runs, 0 hits, 0 errors, 0 left on base; Seattle 2 - California 4 |
| BOTTOM OF THE 7TH |
|
California Angels batting - Pitching for Seattle Mariners : LHP Larry Tuckfard
|
|
Pitching: RHP Willie Sanchez
|
|
|
Batting: RHB Terry Baginski
|
0-0: Ball 1-0: Fly out, F9 (Line Drive, 9S, EV 108.1 MPH)
|
|
Batting: RHB Nick Dunn
|
0-0: Ball 1-0: Called Strike 1-1: Called Strike 1-2: Strikes out looking
|
|
Batting: RHB Luis Romero
|
0-0: Ball 1-0: Ball 2-0: Swinging Strike 2-1: Swinging Strike 2-2: DOUBLE (Flyball, 89D, EV 109.4 MPH)
|
|
Batting: RHB Alain Delhaye
|
0-0: Ball 1-0: Ball 2-0: Called Strike 2-1: Foul Ball, location: 2F 2-2: Fly out, F7 (Flyball, 7D, EV 104.4 MPH)
|
| Bottom of the 7th over - 0 runs, 1 hit, 0 errors, 1 left on base; Seattle 2 - California 4 |
| TOP OF THE 8TH |
|
Seattle Mariners batting - Pitching for California Angels : LHP Jeff Baker
|
|
Pitching: RHP Dave Thomas
|
|
|
Batting: SHB Robbie Rogers
|
0-0: Foul Ball, location: 2F 0-1: Ball 1-1: DOUBLE (Line Drive, 89XD, EV 106.2 MPH)
|
|
Batting: SHB Floyd-William Goof
|
0-0: Ball 1-0: Ball 2-0: Ball 3-0: Called Strike 3-1: Base on Balls
|
|
Batting: RHB Harutomi Matsubara
|
0-0: Ball 1-0: Called Strike 1-1: Ball 2-1: Fly out, F7 (Line Drive, 7S, EV 88.8 MPH)
|
|
Batting: RHB Jose Vasquez
|
0-0: Swinging Strike 0-1: Foul Ball, location: 2F 0-2: Ball 1-2: Strikes out swinging
|
|
Batting: RHB Jimmy Hammertime
|
0-0: Called Strike 0-1: Fielders Choice at 2nd, 5-4 (Groundball, 5L, EV 83.1 MPH)
|
| Top of the 8th over - 0 runs, 1 hit, 0 errors, 2 left on base; Seattle 2 - California 4 |
| BOTTOM OF THE 8TH |
|
California Angels batting - Pitching for Seattle Mariners : RHP Willie Sanchez
|
|
Batting: RHB Bjoern Waltersson
|
0-0: Ball 1-0: Ground out 5-3 (Groundball, 56, EV 91.2 MPH)
|
|
Batting: LHB Micah Miller
|
0-0: Ball 1-0: Called Strike 1-1: Swinging Strike 1-2: Ground out 6-3 (Groundball, 4M, EV 99.4 MPH)
|
|
Batting: RHB Avery Maxwell
|
0-0: Ball 1-0: Swinging Strike 1-1: SINGLE (Flyball, 6MD, EV 90.6 MPH)
|
|
Batting: LHB Justin Alexander
|
0-0: Called Strike 0-1: Swinging Strike 0-2: Strikes out swinging
|
| Bottom of the 8th over - 0 runs, 1 hit, 0 errors, 1 left on base; Seattle 2 - California 4 |
| TOP OF THE 9TH |
|
Seattle Mariners batting - Pitching for California Angels : RHP Dave Thomas
|
|
Pitching: RHP Dave Jackson
|
|
|
Batting: LHB Dae-ik Yoon
|
0-0: Called Strike 0-1: Foul Ball, location: 2F 0-2: Ball 1-2: Ball 2-2: Foul Ball, location: 2F 2-2: Foul Ball, location: 2F 2-2: Ball 3-2: SINGLE (Line Drive, 3D, EV 100.0 MPH)
|
|
Batting: RHB Pavpv Ivanushkin
|
0-0: Swinging Strike 0-1: Ball 1-1: Ball 2-1: Called Strike 2-2: Strikes out looking
|
|
Batting: LHB Jerrod Cluck
|
0-0: Called Strike 0-1: Grounds into double play, 5-4-3 (Groundball, 56, EV 83.8 MPH)
|
| Top of the 9th over - 0 runs, 1 hit, 0 errors, 0 left on base; Seattle 2 - California 4 |
|